Connexion

PHILADELPHIA Flyers vs NEW YORK Islanders (R3)

Created - 4 décembre 2023 at 08:21

Goals
1 2 3 T
PHILADELPHIA Flyers 1 1 0 2
NEW YORK Islanders 1 0 0 1
Shots
1 2 3 T
PHILADELPHIA Flyers 11 8 10 29
NEW YORK Islanders 12 11 6 29

GoalsPenalties
1st period
1. PHILADELPHIA Flyers , Sam Reinhart 9 (Alex Pietrangelo 16, Tj Brodie 28) at 11:43
2. NEW YORK Islanders , Kevin Shattenkirk 6 (Kyle Palmieri 23, Ryan McDonagh 28) at 19:36
No Penalty
2nd period
3. PHILADELPHIA Flyers , Alex Pietrangelo 7 (Tj Brodie 29, Austin Czarnik 28) at 1:37
Jordan Staal (PHI) for Cross-checking (Minor) at 1:14
Sven Baertschi (NYI) for Interference (Minor) at 1:33
Sean Monahan (PHI) for Tripping (Minor) at 8:41
Zach Parise (PHI) for Goalie Interference (Minor) at 10:45
Adam Pelech (NYI) for Roughing (Minor) at 13:46
Adam Fox (PHI) for Cross-checking (Minor) at 14:06
3rd period
No Goal
Justin Faulk (PHI) for Hooking (Minor) at 2:28
Nikolai Knyzhov (NYI) for Holding (Minor) at 4:47
Goalie Stats
Casey DeSmith (PHI), 28 saves from 29 shots - (0,966), W, 2-0-2, 60:00 minutes
Mikko Koskinen (NYI), 27 saves from 29 shots - (0,931), L, 1-3-0, 60:00 minutes
3 StarsOfficial
1 - Alex Pietrangelo (PHI)
2 - Casey DeSmith (PHI)
3 - Tj Brodie (PHI)
Referees : Tim Peel and Francois StLaurent
Linesman : Mike Cvik and Derek Amell
Game Note
Calle Rosen is injured at 13:36 of 3rd period (Sprained Left Knee)
Finance
Level 1 -- Attendance: 5515 (91,92%) -- Ticket Income $700,405
Level 2 -- Attendance: 3234 (100,00%) -- Ticket Income $355,740
Level 3 -- Attendance: 2000 (100,00%) -- Ticket Income $100,000
Level 4 -- Attendance: 2526 (63,15%) -- Ticket Income $123,774
Luxury Box -- Attendance: 992 (99,20%) -- Ticket Income $252,960
Game was played at the Nassau Veterans' Memorial Coliseum.
Total Attendance: 14267 (87,88%)
Total Ticket Income: $1,532,879
Other Income: $306,576
Total Income: $1,839,455



Team Name Goals Shots Shots Attemp Shots Blocked PIM HIT PP PK FO%
PHILADELPHIA Flyers 22956510280 / 3 (0%)049%
NEW YORK Islanders 1295466300 / 5 (0%)051%

PHILADELPHIA Flyers
Player Name POS G A P +/- PIM HIT SHT SB MP PP MP PP SHT PK MP PK SHT FO% FOT
Adam FoxD0000201220:181:4100:0000% 0
Alex PietrangeloD1121021021:300:5602:5800% 0
Austin CzarnikC/RW0110010021:181:1502:52033% 9
Brandon MontourD0000010016:310:0003:3800% 0
Joe VelenoC0000002014:250:0000:19057% 23
Jonathan DrouinLW/RW0000004020:371:2313:4100% 1
Jordan StaalC0001212012:360:0000:00050% 12
Julien GauthierRW000001005:350:0000:0000% 0
Justin FaulkD0000262123:200:5602:4400% 0
Kasperi KapanenLW/RW0001011013:170:0001:03075% 4
Lucas WallmarkC000000005:350:0000:0000% 0
Matt RoyD0000032115:530:0000:5400% 0
Pavel BuchnevichLW/RW000-1045019:291:1522:52040% 5
Sam ReinhartC/RW1011011014:281:2300:00050% 6
Sean MonahanC000-1233119:371:1502:25052% 21
Tj BrodieD0221022022:261:4202:5800% 0
Tomas TatarLW/RW0001022017:311:2300:0000% 1
Zach PariseC/LW000020105:340:0000:00033% 3
NEW YORK Islanders
Player Name POS G A P +/- PIM HIT SHT SB MP PP MP PP SHT PK MP PK SHT FO% FOT
Adam PelechD000-2231121:363:0610:5800% 0
Alexander RadulovRW000000007:060:0000:0000% 1
Anthony DuclairLW/RW0001012020:012:4610:0000% 1
Brendan LeipsicC/LW000000207:350:0000:19050% 6
Brendan LemieuxLW000002007:060:0000:0000% 0
Calle RosenD000-2010119:013:0601:0100% 0
Ilya MikheyevRW000003008:430:0000:0000% 0
Jeff SkinnerC/LW0000005024:092:4621:50062% 37
Josh BaileyC/LW/RW0000011010:420:0002:09045% 11
Kevin ShattenkirkD1011022026:293:3001:3700% 0
Kyle PalmieriRW0110034022:192:4600:000100% 1
Nicklas BackstromC000-1002119:243:5000:29038% 26
Nikolai KnyzhovD0000221114:400:0000:0000% 0
Patrik LaineLW/RW000-1032014:230:0000:0000% 0
Ryan McDonagh D0111041125:413:3011:3700% 0
Sven BaertschiLW0000224012:513:4910:000100% 1
Travis DermottD0000001012:310:0000:0300% 0
Vincent HinostrozaC/RW000-1031119:433:5010:2900% 1



Play-by-Play

1st period


0:01 of 1st period - Jeff Skinner wins face-off versus Pavel Buchnevich in neutral zone.
0:20 of 1st period - Shot by Jeff Skinner.
0:20 of 1st period - Shot Misses the Net.
0:41 of 1st period - Icing by Justin Faulk.
0:42 of 1st period - Sean Monahan wins face-off versus Nicklas Backstrom in PHILADELPHIA Flyers zone.
0:42 of 1st period - Pavel Buchnevich is hit by Vincent Hinostroza and loses puck.
1:20 of 1st period - Nicklas Backstrom is hit by Justin Faulk and loses puck.
1:27 of 1st period - Shot by Nicklas Backstrom.
1:27 of 1st period - Shot Misses the Net.
1:59 of 1st period - Shot by Jonathan Drouin.
1:59 of 1st period - Stopped by Mikko Koskinen without a rebound.
2:00 of 1st period - Jordan Staal wins face-off versus Brendan Leipsic in NEW YORK Islanders zone.
2:10 of 1st period - Brendan Lemieux is hit by Matt Roy and loses puck.
3:13 of 1st period - Shot by Travis Dermott.
3:13 of 1st period - Stopped by Casey DeSmith without a rebound.
3:14 of 1st period - Jeff Skinner wins face-off versus Zach Parise in PHILADELPHIA Flyers zone.
3:14 of 1st period - Kyle Palmieri is hit by Tj Brodie and loses puck.
4:27 of 1st period - Tomas Tatar is hit by Adam Pelech and loses puck.
4:34 of 1st period - Shot by Tomas Tatar.
4:34 of 1st period - Shot Misses the Net.
5:07 of 1st period - Ryan McDonagh is hit by Matt Roy and loses puck.
6:01 of 1st period - Shot by Sven Baertschi.
6:01 of 1st period - Stopped by Casey DeSmith without a rebound.
6:02 of 1st period - Brendan Leipsic wins face-off versus Zach Parise in PHILADELPHIA Flyers zone.
6:07 of 1st period - Shot by Brendan Leipsic.
6:07 of 1st period - Stopped by Casey DeSmith without a rebound.
6:08 of 1st period - Joe Veleno wins face-off versus Josh Bailey in PHILADELPHIA Flyers zone.
6:08 of 1st period - Joe Veleno is hit by Ilya Mikheyev.
6:16 of 1st period - Shot by Tomas Tatar.
6:16 of 1st period - Shot Misses the Net.
6:46 of 1st period - Jonathan Drouin is hit by Josh Bailey and loses puck.
6:56 of 1st period - Icing by Justin Faulk.
6:57 of 1st period - Joe Veleno wins face-off versus Nicklas Backstrom in PHILADELPHIA Flyers zone.
7:09 of 1st period - Icing by Ryan McDonagh .
7:10 of 1st period - Nicklas Backstrom wins face-off versus Sean Monahan in NEW YORK Islanders zone.
7:10 of 1st period - Nicklas Backstrom is hit by Sean Monahan.
7:16 of 1st period - Shot by Vincent Hinostroza.
7:16 of 1st period - Shot Misses the Net.
7:32 of 1st period - Patrik Laine is hit by Sean Monahan.
7:55 of 1st period - Icing by Alex Pietrangelo.
7:56 of 1st period - Jeff Skinner wins face-off versus Sean Monahan in PHILADELPHIA Flyers zone.
8:39 of 1st period - Sam Reinhart is hit by Calle Rosen and loses puck.
8:52 of 1st period - Shot by Kasperi Kapanen.
8:52 of 1st period - Stopped by Mikko Koskinen without a rebound.
8:53 of 1st period - Joe Veleno wins face-off versus Josh Bailey in NEW YORK Islanders zone.
9:08 of 1st period - Shot by Sven Baertschi.
9:08 of 1st period - Shot Blocked by Adam Fox.
9:45 of 1st period - Sven Baertschi is hit by Alex Pietrangelo and loses puck.
10:48 of 1st period - Shot by Sean Monahan.
10:48 of 1st period - Stopped by Mikko Koskinen without a rebound.
10:49 of 1st period - Jeff Skinner wins face-off versus Jordan Staal in NEW YORK Islanders zone.
10:56 of 1st period - Shot by Jeff Skinner.
10:56 of 1st period - Stopped by Casey DeSmith without a rebound.
10:57 of 1st period - Sean Monahan wins face-off versus Jeff Skinner in PHILADELPHIA Flyers zone.
11:13 of 1st period - Shot by Sean Monahan.
11:13 of 1st period - Stopped by Mikko Koskinen without a rebound.
11:14 of 1st period - Nicklas Backstrom wins face-off versus Jordan Staal in NEW YORK Islanders zone.
11:43 of 1st period - Shot by Sam Reinhart.
11:43 of 1st period - Goal by Sam Reinhart - PHILADELPHIA Flyers : 1 - NEW YORK Islanders : 0.
11:44 of 1st period - Jeff Skinner wins face-off versus Joe Veleno in neutral zone.
12:02 of 1st period - Shot by Anthony Duclair.
12:02 of 1st period - Stopped by Casey DeSmith without a rebound.
12:03 of 1st period - Sean Monahan wins face-off versus Brendan Leipsic in PHILADELPHIA Flyers zone.
13:01 of 1st period - Off-side.
13:02 of 1st period - Jeff Skinner wins face-off versus Tomas Tatar in neutral zone.
13:04 of 1st period - Off-side.
13:05 of 1st period - Jeff Skinner wins face-off versus Joe Veleno in neutral zone.
13:12 of 1st period - Icing by Jonathan Drouin.
13:13 of 1st period - Jeff Skinner wins face-off versus Joe Veleno in PHILADELPHIA Flyers zone.
13:36 of 1st period - Shot by Joe Veleno.
13:36 of 1st period - Stopped by Mikko Koskinen with a rebound.
13:38 of 1st period - Shot by Tj Brodie.
13:38 of 1st period - Stopped by Mikko Koskinen without a rebound.
13:39 of 1st period - Jordan Staal wins face-off versus Nicklas Backstrom in NEW YORK Islanders zone.
14:03 of 1st period - Shot by Patrik Laine.
14:03 of 1st period - Stopped by Casey DeSmith without a rebound.
14:04 of 1st period - Joe Veleno wins face-off versus Jeff Skinner in PHILADELPHIA Flyers zone.
15:18 of 1st period - Shot by Pavel Buchnevich.
15:18 of 1st period - Stopped by Mikko Koskinen without a rebound.
15:19 of 1st period - Kasperi Kapanen wins face-off versus Josh Bailey in NEW YORK Islanders zone.
15:36 of 1st period - Shot by Jordan Staal.
15:36 of 1st period - Deflect By Kasperi Kapanen.
15:36 of 1st period - Shot Misses the Net.
15:38 of 1st period - Shot by Matt Roy.
15:38 of 1st period - Stopped by Mikko Koskinen without a rebound.
15:39 of 1st period - Zach Parise wins face-off versus Nicklas Backstrom in NEW YORK Islanders zone.
15:48 of 1st period - Shot by Zach Parise.
15:48 of 1st period - Stopped by Mikko Koskinen with a rebound.
15:50 of 1st period - Shot by Julien Gauthier.
15:50 of 1st period - Shot Blocked by Nicklas Backstrom.
16:16 of 1st period - Shot by Patrik Laine.
16:16 of 1st period - Stopped by Casey DeSmith without a rebound.
16:17 of 1st period - Jeff Skinner wins face-off versus Sean Monahan in PHILADELPHIA Flyers zone.
16:44 of 1st period - Sean Monahan is hit by Kyle Palmieri and loses puck.
16:55 of 1st period - Shot by Kyle Palmieri.
16:55 of 1st period - Shot Misses the Net.
16:57 of 1st period - Shot by Kevin Shattenkirk.
16:57 of 1st period - Stopped by Casey DeSmith without a rebound.
16:58 of 1st period - Nicklas Backstrom wins face-off versus Jordan Staal in PHILADELPHIA Flyers zone.
17:03 of 1st period - Shot by Vincent Hinostroza.
17:03 of 1st period - Shot Misses the Net.
17:29 of 1st period - Shot by Jordan Staal.
17:29 of 1st period - Stopped by Mikko Koskinen without a rebound.
17:30 of 1st period - Joe Veleno wins face-off versus Josh Bailey in NEW YORK Islanders zone.
17:39 of 1st period - Shot by Josh Bailey.
17:39 of 1st period - Shot Misses the Net.
17:41 of 1st period - Shot by Josh Bailey.
17:41 of 1st period - Shot Misses the Net.
17:43 of 1st period - Shot by Sven Baertschi.
17:43 of 1st period - Stopped by Casey DeSmith without a rebound.
17:44 of 1st period - Sean Monahan wins face-off versus Jeff Skinner in PHILADELPHIA Flyers zone.
17:58 of 1st period - Shot by Kyle Palmieri.
17:58 of 1st period - Stopped by Casey DeSmith with a rebound.
18:00 of 1st period - Shot by Kyle Palmieri.
18:00 of 1st period - Stopped by Casey DeSmith without a rebound.
18:01 of 1st period - Joe Veleno wins face-off versus Nicklas Backstrom in PHILADELPHIA Flyers zone.
18:11 of 1st period - Icing by Calle Rosen.
18:12 of 1st period - Jordan Staal wins face-off versus Nicklas Backstrom in NEW YORK Islanders zone.
18:16 of 1st period - Icing by Adam Pelech.
18:17 of 1st period - Joe Veleno wins face-off versus Nicklas Backstrom in NEW YORK Islanders zone.
18:47 of 1st period - Shot by Jonathan Drouin.
18:47 of 1st period - Shot Blocked by Calle Rosen.
19:11 of 1st period - Icing by Tomas Tatar.
19:12 of 1st period - Joe Veleno wins face-off versus Jeff Skinner in PHILADELPHIA Flyers zone.
19:20 of 1st period - Off-side.
19:21 of 1st period - Jeff Skinner wins face-off versus Sean Monahan in neutral zone.
19:25 of 1st period - Kevin Shattenkirk is hit by Tj Brodie and loses puck.
19:34 of 1st period - Shot by Kyle Palmieri.
19:34 of 1st period - Shot Misses the Net.
19:36 of 1st period - Shot by Kevin Shattenkirk.
19:36 of 1st period - Goal by Kevin Shattenkirk - PHILADELPHIA Flyers : 1 - NEW YORK Islanders : 1.
19:37 of 1st period - Jordan Staal wins face-off versus Brendan Leipsic in neutral zone.
19:37 of 1st period - Jordan Staal is hit by Brendan Lemieux.
19:53 of 1st period - Alexander Radulov is hit by Matt Roy and loses puck.
Goals for this period are 1 for PHILADELPHIA Flyers vs 1 for NEW YORK Islanders.
Shots for this period are 11 for PHILADELPHIA Flyers vs 12 for NEW YORK Islanders.

2nd period


0:01 of 2nd period - Jeff Skinner wins face-off versus Sean Monahan in neutral zone.
0:04 of 2nd period - Alex Pietrangelo is hit by Kyle Palmieri and loses puck.
0:11 of 2nd period - Ryan McDonagh is hit by Pavel Buchnevich and loses puck.
0:40 of 2nd period - Shot by Sean Monahan.
0:40 of 2nd period - Deflect By Austin Czarnik.
0:40 of 2nd period - Shot Misses the Net.
0:43 of 2nd period - Sean Monahan is hit by Ryan McDonagh .
1:14 of 2nd period - Minor Penalty to Jordan Staal for Cross-checking.
1:15 of 2nd period - Sean Monahan wins face-off versus Nicklas Backstrom in PHILADELPHIA Flyers zone.
1:27 of 2nd period - Nicklas Backstrom is hit by Justin Faulk and loses puck.
1:33 of 2nd period - Minor Penalty to Sven Baertschi for Interference.
1:34 of 2nd period - Austin Czarnik wins face-off versus Jeff Skinner in NEW YORK Islanders zone.
1:35 of 2nd period - Shot by Tj Brodie.
1:35 of 2nd period - Stopped by Mikko Koskinen with a rebound.
1:37 of 2nd period - Shot by Alex Pietrangelo.
1:37 of 2nd period - Goal by Alex Pietrangelo - PHILADELPHIA Flyers : 2 - NEW YORK Islanders : 1.
1:38 of 2nd period - Jeff Skinner wins face-off versus Austin Czarnik in neutral zone.
1:56 of 2nd period - Shot by Kyle Palmieri.
1:56 of 2nd period - Stopped by Casey DeSmith without a rebound.
1:57 of 2nd period - Jeff Skinner wins face-off versus Austin Czarnik in PHILADELPHIA Flyers zone.
2:52 of 2nd period - Shot by Nicklas Backstrom.
2:52 of 2nd period - Stopped by Casey DeSmith without a rebound.
2:53 of 2nd period - Sam Reinhart wins face-off versus Vincent Hinostroza in PHILADELPHIA Flyers zone.
3:02 of 2nd period - Shot by Nicklas Backstrom.
3:02 of 2nd period - Stopped by Casey DeSmith without a rebound.
3:03 of 2nd period - Sam Reinhart wins face-off versus Jeff Skinner in PHILADELPHIA Flyers zone.
3:12 of 2nd period - Shot by Sam Reinhart.
3:12 of 2nd period - Shot Misses the Net.
3:22 of 2nd period - Kevin Shattenkirk is hit by Pavel Buchnevich and loses puck.
3:53 of 2nd period - Shot by Zach Parise.
3:53 of 2nd period - Shot Blocked by Nikolai Knyzhov.
4:04 of 2nd period - Nicklas Backstrom is hit by Julien Gauthier and loses puck.
4:43 of 2nd period - Shot by Justin Faulk.
4:43 of 2nd period - Stopped by Mikko Koskinen without a rebound.
4:44 of 2nd period - Jordan Staal wins face-off versus Jeff Skinner in NEW YORK Islanders zone.
5:42 of 2nd period - Shot by Pavel Buchnevich.
5:42 of 2nd period - Stopped by Mikko Koskinen without a rebound.
5:43 of 2nd period - Joe Veleno wins face-off versus Nicklas Backstrom in NEW YORK Islanders zone.
5:46 of 2nd period - Shot by Tomas Tatar.
5:46 of 2nd period - Stopped by Mikko Koskinen without a rebound.
5:47 of 2nd period - Sean Monahan wins face-off versus Nicklas Backstrom in NEW YORK Islanders zone.
6:59 of 2nd period - Icing by Calle Rosen.
7:00 of 2nd period - Jordan Staal wins face-off versus Nicklas Backstrom in NEW YORK Islanders zone.
7:07 of 2nd period - Shot by Kasperi Kapanen.
7:07 of 2nd period - Shot Blocked by Adam Pelech.
7:26 of 2nd period - Kasperi Kapanen is hit by Ryan McDonagh and loses puck.
7:46 of 2nd period - Shot by Kyle Palmieri.
7:46 of 2nd period - Stopped by Casey DeSmith without a rebound.
7:47 of 2nd period - Josh Bailey wins face-off versus Joe Veleno in PHILADELPHIA Flyers zone.
7:47 of 2nd period - Sven Baertschi is hit by Justin Faulk and loses puck.
8:07 of 2nd period - Shot by Jonathan Drouin.
8:07 of 2nd period - Stopped by Mikko Koskinen without a rebound.
8:08 of 2nd period - Jeff Skinner wins face-off versus Austin Czarnik in NEW YORK Islanders zone.
8:08 of 2nd period - Jeff Skinner is hit by Austin Czarnik.
8:14 of 2nd period - Kevin Shattenkirk is hit by Pavel Buchnevich and loses puck.
8:40 of 2nd period - Tj Brodie is hit by Ryan McDonagh .
8:41 of 2nd period - Minor Penalty to Sean Monahan for Tripping.
8:42 of 2nd period - Nicklas Backstrom wins face-off versus Kasperi Kapanen in PHILADELPHIA Flyers zone.
9:47 of 2nd period - Shot by Jeff Skinner.
9:47 of 2nd period - Stopped by Casey DeSmith with a rebound.
9:49 of 2nd period - Shot by Ryan McDonagh .
9:49 of 2nd period - Shot Misses the Net.
9:51 of 2nd period - Shot by Ryan McDonagh .
9:51 of 2nd period - Stopped by Casey DeSmith without a rebound.
9:52 of 2nd period - Pavel Buchnevich wins face-off versus Jeff Skinner in PHILADELPHIA Flyers zone.
9:52 of 2nd period - Pavel Buchnevich is hit by Anthony Duclair.
10:06 of 2nd period - Anthony Duclair is hit by Pavel Buchnevich and loses puck.
10:36 of 2nd period - Icing by Sven Baertschi.
10:37 of 2nd period - Kasperi Kapanen wins face-off versus Nicklas Backstrom in NEW YORK Islanders zone.
10:45 of 2nd period - Minor Penalty to Zach Parise for Goalie Interference.
10:46 of 2nd period - Nicklas Backstrom wins face-off versus Austin Czarnik in PHILADELPHIA Flyers zone.
10:57 of 2nd period - Shot by Sven Baertschi.
10:57 of 2nd period - Stopped by Casey DeSmith without a rebound.
10:58 of 2nd period - Sean Monahan wins face-off versus Nicklas Backstrom in PHILADELPHIA Flyers zone.
11:23 of 2nd period - Shot by Sven Baertschi.
11:23 of 2nd period - Shot Misses the Net.
11:25 of 2nd period - Shot by Sven Baertschi.
11:25 of 2nd period - Shot Hit the Post.
11:27 of 2nd period - Shot by Vincent Hinostroza.
11:27 of 2nd period - Stopped by Casey DeSmith with a rebound.
11:29 of 2nd period - Shot by Sven Baertschi.
11:29 of 2nd period - Shot Misses the Net.
11:31 of 2nd period - Shot by Adam Pelech.
11:31 of 2nd period - Stopped by Casey DeSmith without a rebound.
11:32 of 2nd period - Austin Czarnik wins face-off versus Jeff Skinner in PHILADELPHIA Flyers zone.
11:32 of 2nd period - Austin Czarnik is hit by Kyle Palmieri.
11:56 of 2nd period - Icing by Jeff Skinner.
11:57 of 2nd period - Jeff Skinner wins face-off versus Austin Czarnik in NEW YORK Islanders zone.
12:16 of 2nd period - Shot by Ryan McDonagh .
12:16 of 2nd period - Shot Misses the Net.
12:46 of 2nd period - Shot by Brendan Lemieux.
12:46 of 2nd period - Shot Blocked by Adam Fox.
12:59 of 2nd period - Jordan Staal is hit by Brendan Lemieux and loses puck.
13:07 of 2nd period - Alexander Radulov is hit by Justin Faulk and loses puck.
13:14 of 2nd period - Shot by Brendan Leipsic.
13:14 of 2nd period - Shot Misses the Net.
13:16 of 2nd period - Shot by Brendan Leipsic.
13:16 of 2nd period - Shot Misses the Net.
13:18 of 2nd period - Shot by Brendan Leipsic.
13:18 of 2nd period - Shot Misses the Net.
13:24 of 2nd period - Shot by Brendan Lemieux.
13:24 of 2nd period - Shot Misses the Net.
13:26 of 2nd period - Shot by Nikolai Knyzhov.
13:26 of 2nd period - Stopped by Casey DeSmith without a rebound.
13:27 of 2nd period - Sven Baertschi wins face-off versus Sean Monahan in PHILADELPHIA Flyers zone.
13:46 of 2nd period - Minor Penalty to Adam Pelech for Roughing.
13:47 of 2nd period - Jeff Skinner wins face-off versus Sam Reinhart in NEW YORK Islanders zone.
13:56 of 2nd period - Josh Bailey is hit by Tomas Tatar and loses puck.
14:06 of 2nd period - Minor Penalty to Adam Fox for Cross-checking.
14:07 of 2nd period - Jeff Skinner wins face-off versus Jordan Staal in PHILADELPHIA Flyers zone.
14:18 of 2nd period - Shot by Jeff Skinner.
14:18 of 2nd period - Shot Misses the Net.
14:42 of 2nd period - Shot by Jordan Staal.
14:42 of 2nd period - Stopped by Mikko Koskinen without a rebound.
14:43 of 2nd period - Jeff Skinner wins face-off versus Sam Reinhart in NEW YORK Islanders zone.
14:43 of 2nd period - Jeff Skinner is hit by Sam Reinhart.
15:39 of 2nd period - Calle Rosen is hit by Alex Pietrangelo and loses puck.
15:46 of 2nd period - Shot by Sven Baertschi.
15:46 of 2nd period - Shot Blocked by Justin Faulk.
16:42 of 2nd period - Shot by Brendan Leipsic.
16:42 of 2nd period - Stopped by Casey DeSmith without a rebound.
16:43 of 2nd period - Josh Bailey wins face-off versus Sean Monahan in PHILADELPHIA Flyers zone.
16:47 of 2nd period - Icing by Matt Roy.
16:48 of 2nd period - Pavel Buchnevich wins face-off versus Jeff Skinner in PHILADELPHIA Flyers zone.
17:11 of 2nd period - Shot by Sean Monahan.
17:11 of 2nd period - Deflect By Pavel Buchnevich.
17:11 of 2nd period - Shot Misses the Net.
17:44 of 2nd period - Icing by Jonathan Drouin.
17:45 of 2nd period - Nicklas Backstrom wins face-off versus Joe Veleno in PHILADELPHIA Flyers zone.
17:45 of 2nd period - Vincent Hinostroza is hit by Justin Faulk and loses puck.
18:11 of 2nd period - Shot by Jonathan Drouin.
18:11 of 2nd period - Stopped by Mikko Koskinen without a rebound.
18:12 of 2nd period - Josh Bailey wins face-off versus Jordan Staal in NEW YORK Islanders zone.
18:12 of 2nd period - Josh Bailey is hit by Kasperi Kapanen.
18:18 of 2nd period - Alex Pietrangelo is hit by Sven Baertschi and loses puck.
19:39 of 2nd period - Shot by Tomas Tatar.
19:39 of 2nd period - Shot Blocked by Vincent Hinostroza.
Goals for this period are 1 for PHILADELPHIA Flyers vs 0 for NEW YORK Islanders.
Shots for this period are 8 for PHILADELPHIA Flyers vs 11 for NEW YORK Islanders.

3rd period


0:01 of 3rd period - Jeff Skinner wins face-off versus Joe Veleno in neutral zone.
0:11 of 3rd period - Shot by Jeff Skinner.
0:11 of 3rd period - Stopped by Casey DeSmith without a rebound.
0:12 of 3rd period - Sean Monahan wins face-off versus Nicklas Backstrom in PHILADELPHIA Flyers zone.
0:27 of 3rd period - Off-side.
0:28 of 3rd period - Joe Veleno wins face-off versus Jeff Skinner in neutral zone.
0:47 of 3rd period - Shot by Jeff Skinner.
0:47 of 3rd period - Stopped by Casey DeSmith without a rebound.
0:48 of 3rd period - Sean Monahan wins face-off versus Nicklas Backstrom in PHILADELPHIA Flyers zone.
1:10 of 3rd period - Shot by Calle Rosen.
1:10 of 3rd period - Shot Misses the Net.
1:15 of 3rd period - Icing by Sean Monahan.
1:16 of 3rd period - Sean Monahan wins face-off versus Anthony Duclair in PHILADELPHIA Flyers zone.
1:27 of 3rd period - Icing by Brandon Montour.
1:28 of 3rd period - Sean Monahan wins face-off versus Josh Bailey in PHILADELPHIA Flyers zone.
1:28 of 3rd period - Sean Monahan is hit by Ilya Mikheyev.
1:42 of 3rd period - Shot by Sven Baertschi.
1:42 of 3rd period - Stopped by Casey DeSmith without a rebound.
1:43 of 3rd period - Jeff Skinner wins face-off versus Joe Veleno in PHILADELPHIA Flyers zone.
1:43 of 3rd period - Jeff Skinner is hit by Justin Faulk.
2:28 of 3rd period - Minor Penalty to Justin Faulk for Hooking.
2:29 of 3rd period - Austin Czarnik wins face-off versus Nicklas Backstrom in PHILADELPHIA Flyers zone.
2:29 of 3rd period - Austin Czarnik is hit by Vincent Hinostroza.
3:03 of 3rd period - Shot by Jonathan Drouin.
3:03 of 3rd period - Deflect By Sean Monahan.
3:03 of 3rd period - Shot Misses the Net.
3:11 of 3rd period - Shot by Nicklas Backstrom.
3:11 of 3rd period - Shot Blocked by Matt Roy.
3:13 of 3rd period - Shot by Adam Pelech.
3:13 of 3rd period - Shot Blocked by Sean Monahan.
3:30 of 3rd period - Anthony Duclair is hit by Brandon Montour and loses puck.
3:43 of 3rd period - Shot by Anthony Duclair.
3:43 of 3rd period - Stopped by Casey DeSmith with a rebound.
3:45 of 3rd period - Shot by Jeff Skinner.
3:45 of 3rd period - Stopped by Casey DeSmith without a rebound.
3:46 of 3rd period - Nicklas Backstrom wins face-off versus Austin Czarnik in PHILADELPHIA Flyers zone.
4:11 of 3rd period - Tj Brodie is hit by Sven Baertschi and loses puck.
4:47 of 3rd period - Minor Penalty to Nikolai Knyzhov for Holding.
4:48 of 3rd period - Sam Reinhart wins face-off versus Jeff Skinner in NEW YORK Islanders zone.
4:49 of 3rd period - Shot by Adam Fox.
4:49 of 3rd period - Shot Misses the Net.
4:51 of 3rd period - Shot by Sam Reinhart.
4:51 of 3rd period - Shot Misses the Net.
4:53 of 3rd period - Shot by Jonathan Drouin.
4:53 of 3rd period - Shot Misses the Net.
5:07 of 3rd period - Shot by Jonathan Drouin.
5:07 of 3rd period - Stopped by Mikko Koskinen without a rebound.
5:08 of 3rd period - Jeff Skinner wins face-off versus Sean Monahan in NEW YORK Islanders zone.
5:34 of 3rd period - Shot by Alex Pietrangelo.
5:34 of 3rd period - Shot Misses the Net.
5:38 of 3rd period - Shot by Pavel Buchnevich.
5:38 of 3rd period - Stopped by Mikko Koskinen with a rebound.
5:40 of 3rd period - Shot by Alex Pietrangelo.
5:40 of 3rd period - Shot Blocked by Ryan McDonagh .
5:42 of 3rd period - Shot by Pavel Buchnevich.
5:42 of 3rd period - Stopped by Mikko Koskinen without a rebound.
5:43 of 3rd period - Nicklas Backstrom wins face-off versus Sam Reinhart in NEW YORK Islanders zone.
5:43 of 3rd period - Nicklas Backstrom is hit by Tomas Tatar.
8:11 of 3rd period - Shot by Jordan Staal.
8:11 of 3rd period - Shot Misses the Net.
8:50 of 3rd period - Alex Pietrangelo is hit by Kevin Shattenkirk and loses puck.
9:14 of 3rd period - Alex Pietrangelo is hit by Patrik Laine and loses puck.
9:32 of 3rd period - Tomas Tatar is hit by Ryan McDonagh and loses puck.
9:35 of 3rd period - Shot by Jonathan Drouin.
9:35 of 3rd period - Shot Misses the Net.
9:37 of 3rd period - Shot by Jonathan Drouin.
9:37 of 3rd period - Shot Misses the Net.
9:39 of 3rd period - Shot by Tomas Tatar.
9:39 of 3rd period - Shot Misses the Net.
9:41 of 3rd period - Shot by Tomas Tatar.
9:41 of 3rd period - Stopped by Mikko Koskinen with a rebound.
9:43 of 3rd period - Shot by Brandon Montour.
9:43 of 3rd period - Shot Misses the Net.
9:54 of 3rd period - Joe Veleno is hit by Kevin Shattenkirk and loses puck.
10:07 of 3rd period - Shot by Joe Veleno.
10:07 of 3rd period - Shot Misses the Net.
10:27 of 3rd period - Adam Fox is hit by Vincent Hinostroza and loses puck.
10:42 of 3rd period - Julien Gauthier is hit by Patrik Laine and loses puck.
10:56 of 3rd period - Adam Fox is hit by Patrik Laine and loses puck.
11:24 of 3rd period - Sam Reinhart is hit by Adam Pelech and loses puck.
11:40 of 3rd period - Icing by Calle Rosen.
11:41 of 3rd period - Kyle Palmieri wins face-off versus Sean Monahan in NEW YORK Islanders zone.
12:22 of 3rd period - Shot by Austin Czarnik.
12:22 of 3rd period - Shot Misses the Net.
12:24 of 3rd period - Shot by Sean Monahan.
12:24 of 3rd period - Stopped by Mikko Koskinen without a rebound.
12:25 of 3rd period - Joe Veleno wins face-off versus Josh Bailey in NEW YORK Islanders zone.
13:35 of 3rd period - Calle Rosen is hit by Jordan Staal and loses puck.
13:36 of 3rd period - Calle Rosen from NEW YORK Islanders is injured at 13:36 of 3rd period (Sprained Left Knee).
13:37 of 3rd period - Jeff Skinner wins face-off versus Pavel Buchnevich in NEW YORK Islanders zone.
13:43 of 3rd period - Matt Roy is hit by Adam Pelech and loses puck.
13:46 of 3rd period - Shot by Sean Monahan.
13:46 of 3rd period - Shot Misses the Net.
13:48 of 3rd period - Shot by Sean Monahan.
13:48 of 3rd period - Shot Misses the Net.
13:50 of 3rd period - Shot by Matt Roy.
13:50 of 3rd period - Stopped by Mikko Koskinen without a rebound.
13:51 of 3rd period - Brendan Leipsic wins face-off versus Jordan Staal in NEW YORK Islanders zone.
14:18 of 3rd period - Icing by Tj Brodie.
14:19 of 3rd period - Kasperi Kapanen wins face-off versus Jeff Skinner in PHILADELPHIA Flyers zone.
14:29 of 3rd period - Alex Pietrangelo is hit by Nikolai Knyzhov and loses puck.
15:02 of 3rd period - Nikolai Knyzhov is hit by Sean Monahan and loses puck.
15:16 of 3rd period - Icing by Justin Faulk.
15:17 of 3rd period - Nicklas Backstrom wins face-off versus Sean Monahan in PHILADELPHIA Flyers zone.
16:03 of 3rd period - Icing by Brandon Montour.
16:04 of 3rd period - Josh Bailey wins face-off versus Joe Veleno in PHILADELPHIA Flyers zone.
16:05 of 3rd period - Shot by Sven Baertschi.
16:05 of 3rd period - Shot Misses the Net.
16:07 of 3rd period - Shot by Ilya Mikheyev.
16:07 of 3rd period - Deflect By Josh Bailey.
16:07 of 3rd period - Stopped by Casey DeSmith without a rebound.
16:08 of 3rd period - Jeff Skinner wins face-off versus Joe Veleno in PHILADELPHIA Flyers zone.
16:46 of 3rd period - Shot by Jonathan Drouin.
16:46 of 3rd period - Shot Misses the Net.
17:11 of 3rd period - Off-side.
17:12 of 3rd period - Josh Bailey wins face-off versus Pavel Buchnevich in neutral zone.
17:47 of 3rd period - Shot by Pavel Buchnevich.
17:47 of 3rd period - Stopped by Mikko Koskinen with a rebound.
18:26 of 3rd period - Shot by Justin Faulk.
18:26 of 3rd period - Stopped by Mikko Koskinen without a rebound.
18:27 of 3rd period - Brendan Leipsic wins face-off versus Joe Veleno in NEW YORK Islanders zone.
18:29 of 3rd period - Icing by Alexander Radulov.
18:30 of 3rd period - Joe Veleno wins face-off versus Alexander Radulov in NEW YORK Islanders zone.
18:35 of 3rd period - Shot by Joe Veleno.
18:35 of 3rd period - Stopped by Mikko Koskinen without a rebound.
18:36 of 3rd period - Joe Veleno wins face-off versus Jeff Skinner in NEW YORK Islanders zone.
19:15 of 3rd period - Jonathan Drouin is hit by Nikolai Knyzhov.
19:49 of 3rd period - Shot by Adam Fox.
19:49 of 3rd period - Stopped by Mikko Koskinen without a rebound.
19:50 of 3rd period - Nicklas Backstrom wins face-off versus Jonathan Drouin in NEW YORK Islanders zone.
19:59 of 3rd period - Jonathan Drouin is hit by Ilya Mikheyev and loses puck.
Goals for this period are 0 for PHILADELPHIA Flyers vs 0 for NEW YORK Islanders.
Shots for this period are 10 for PHILADELPHIA Flyers vs 6 for NEW YORK Islanders.